 Dungeon Crawl Stone Soup version 0.25-a0-528-g6b7c99946c (webtiles) character file.

Game seed: 5420445398059848264, levelgen mode: deterministic

89830 Flugslaktarn the Severer (level 15, -3/141 HPs)
             Began as a Deep Dwarf Fighter on Feb 19, 2020.
             Was the Champion of Makhleb.
             Killed from afar by a nagaraja (16 damage)
             ... with a poison arrow
             ... on level 4 of the Snake Pit.
             The game lasted 00:12:31 (12510 turns).

Flugslaktarn the Severer (Deep Dwarf Fighter)      Turns: 12510, Time: 00:12:31

Health: -3/141     AC: 25    Str: 35    XL:     15   Next: 50%
Magic:  16/16      EV:  8    Int:  9    God:    Makhleb [******]
Gold:   397        SH: 14    Dex: 12    Spells: 14/14 levels left

rFire    + . .     SeeInvis .   a - +7 broad axe (vamp)
rCold    . . .     Gourm    .   p - +0 kite shield
rNeg     + + .     Faith    +   D - +0 plate armour of Resonance {rElec rF+ rN+ Str+2} (curse)
rPois    .         Spirit   .   B - +1 helmet
rElec    +         Reflect  .   I - +0 cloak
rCorr    .         Harm     .   C - +0 pair of gloves
MR       +++..                  g - +2 pair of boots {Stlth+}
Stlth    ..........             k - amulet of faith
HPRegen  0.00/turn              m - ring of protection from magic
MPRegen  0.15/turn              u - +4 ring of strength

@: mighty, lethally poisoned (-3 -> -159), non-regenerating, hasted, very quick
A: damage resistance, heal wounds, blink, negative energy resistance 1, sense
surroundings 2, screaming 1, weak 1, no regeneration
a: Heal Wounds, Blink, Minor Destruction, Lesser Servant of Makhleb, Major
Destruction, Greater Servant of Makhleb, Renounce Religion


You were on level 4 of the Snake Pit.
You worshipped Makhleb.
Makhleb was exalted by your worship.
You were very hungry.

You visited 4 branches of the dungeon, and saw 22 of its levels.
You visited 1 bazaar.

You collected 1249 gold pieces.
You spent 852 gold pieces at shops.

Inventory:

Hand Weapons
 a - a +7 vampiric broad axe (weapon)
   (You acquired it on level 11 of the Dungeon)
Armour
 f - a +1 chain mail of fire resistance
   (You took it off Edmund on level 6 of the Dungeon)
 g - a +2 pair of boots of stealth (worn)
   (You bought it in a shop on level 8 of the Dungeon)
 p - a +0 kite shield (worn)
 w - the +1 pair of boots of Gallantry {rElec}
   (You found it on level 4 of the Snake Pit)

   It insulates you from electricity.
   If you switch to wearing this armour, your AC will decrease by 1 (25 -> 24).
 B - a +1 helmet (worn)
   (You found it on level 9 of the Dungeon)
 C - a +0 pair of gloves (worn)
   (You found it on level 8 of the Dungeon)
 D - the cursed +0 plate armour of Resonance (worn) {rElec rF+ rN+ Str+2}
   (You bought it in a shop on level 4 of the Dungeon)

   It affects your strength (+2).
   It protects you from fire.
   It insulates you from electricity.
   It protects you from negative energy.
   If you remove this armour, your AC will decrease by 16 (25 -> 9).
   It has a curse placed upon it.
 I - a +0 cloak (worn)
   (You found it on level 11 of the Dungeon)
Jewellery
 c - an uncursed ring of protection from cold
   (You found it on level 12 of the Dungeon)
 k - an amulet of faith (around neck)
   (You found it on level 4 of the Dungeon)
 m - a ring of protection from magic (left hand)
   (You found it on level 8 of the Dungeon)
 u - a +4 ring of strength (right hand)
   (You found it on level 11 of the Dungeon)
Wands
 v - a wand of digging (2)
   (You found it on level 15 of the Dungeon)
 H - a wand of enslavement (19)
   (You found it on level 10 of the Dungeon)
 J - a wand of acid (15)
   (You found it on level 10 of the Dungeon)
 M - a wand of iceblast (10)
   (You found it on level 11 of the Dungeon)
 N - a wand of paralysis (17)
   (You found it on level 11 of the Dungeon)
Scrolls
 l - 2 scrolls of enchant armour
 o - a scroll of vulnerability
 r - a scroll of identify
 s - 3 scrolls of remove curse
 t - 10 scrolls of teleportation
 y - 2 scrolls of fear
 z - a scroll of blinking
 E - a scroll of immolation
 F - 4 scrolls of magic mapping
 K - a scroll of summoning
Potions
 b - 4 potions of ambrosia
 d - 7 potions of might
 i - 2 potions of berserk rage
 j - 2 potions of cancellation
 n - 2 potions of lignification
 q - 2 potions of curing
 x - 3 potions of flight
 A - 2 potions of mutation
 L - 4 potions of stabbing
Comestibles
 e - 31 rations
 G - 4 chunks of flesh


   Skills:
 + Level 11.1 Fighting
 * Level 17.2 Axes
 + Level 12.9 Armour
 + Level 12.9 Shields
 + Level 13.9 Invocations


You had 14 spell levels left.
You didn't know any spells.
Your spell library was empty.

Dungeon Overview and Level Annotations

Branches:
Dungeon (15/15)            Temple (1/1) D:4            Lair (2/6) D:8
  Snake (4/4) Lair:2          Orc (0/2) D:12         Vaults (0/5) D:13
 Depths (0/5) D:15
  Swamp: Lair:2-4    Shoals: Lair:2-4

Altars:
Ashenzari
Cheibriados
Dithmenos
Elyvilon
Fedhas
Gozag
Hepliaklqana
Kikubaaqudgha
Makhleb
Nemelex Xobeh
Okawaru
Qazlal
Ru
Sif Muna
Trog
Uskayaw
Vehumet
Wu Jian
Xom
Yredelemnul
Zin
The Shining One

Shops:
D:4 [   D:6 *   D:8 *

Annotations:
D:11 exclusions: 2 tormentors and 8 more exclusions
D:14 3 runed translucent doors, Ukogguipp's ghost, journeyman DDFi
Abyss:1 Gastronok


Innate Abilities, Weirdness & Mutations

You are resistant to damage.
You can heal yourself by infusing magical energy.
You resist negative energy. (rN+)
You passively map the area around you.
You do not regenerate.
You can translocate small distances at will.
You occasionally shout uncontrollably at your foes.
You are weak. (Str -2)


Message History

The naga sharpshooter unwields a +0 short sword.
The naga sharpshooter wields a +0 shortbow.
The naga sharpshooter gestures wildly while chanting.
The naga sharpshooter magically shoots an arrow.
The arrow hits you.
* * * LOW HITPOINT WARNING * * *
A naga mage comes into view. It is wielding a +0 spear.
You block the naga mage's attack. The nagaraja spits poison at you.
The splash of poison hits you!
You are more poisoned.
* * * LOW HITPOINT WARNING * * *
You closely miss the naga mage.
The naga mage is almost dead.
* * * LOW HITPOINT WARNING * * *
You feel very sick.
The nagaraja points at you and mumbles some strange words.
The poison arrow hits you!!
You are more poisoned.
You die...

,.N..#....N.N, , , ,
,,,......NNN.^, ,,,, *
##....⌠.NN### , . * * , ,
#..#........## N. * * * ,,
.............##... ,,
,N...#..NNNNNNN.., *,
*........NNNNN# , * , ,
*.......).2))N#,, *
......)..N)@.# * , *
##...##)..############# , ,
#...........#.##..##.# # ,
,, , #....##..........###.#
.##,
#.#.##...............##..#[
* ..#N
#....[...............# * ,
#, #.................... *
##......)....<...##... ,
.##......(.....([......


You could see a naga warrior, 5 nagarajas, 5 naga sharpshooters, 2 naga
ritualists, 3 naga magi, 3 nagas and a friendly cacodemon.

Vanquished Creatures
  A nagaraja (Snake:3)
  Aizul (Snake:4)
  Nessos (D:13)
  2 yaktaur captains (D:13)
  2 fire dragons
  A vault guard (D:13)
  5 anacondas
  An ice dragon (D:15)
  2 death knights (D:11)
  6 naga warriors
  3 centaur warriors
  4 two-headed ogres
  4 tengu warriors
  4 shock serpents
  8 naga sharpshooters
  5 skeletal warriors
  5 unseen horrors
  A naga ritualist (Snake:4)
  3 deep elf magi
  4 mana vipers
  A cyclops (D:15)
  11 ugly things
  3 manticores
  A guardian serpent (shapeshifter) (D:13)
  A salamander (Snake:3)
  3 centaur zombies
  3 guardian serpents
  Psyche (D:8)
  12 black mambas
  9 naga magi
  A spiny frog (Lair:2)
  A rime drake (Lair:2)
  2 kobold demonologists (D:15)
  A freezing wraith (D:13)
  A komodo dragon (Lair:1)
  6 yaktaurs
  2 efreet
  2 tengu conjurers (D:15)
  3 meliai (D:14)
  10 trolls
  A jumping spider (shapeshifter) (D:13)
  5 hippogriffs
  A hornet (D:10)
  Prince Ribbit (D:8)
  2 raiju (shapeshifter)
  2 dream sheep (D:8)
  5 slime creatures
  3 blink frogs (Lair:2)
  2 centaur simulacra
  3 shadows
  6 wraiths
  32 yaks
  5 wyverns
  7 vampire mosquitoes
  3 hungry ghosts
  26 nagas
  2 acid dragons (D:13)
  Edmund (D:6)
  Menkaure (D:4)
  3 wargs (D:8)
  4 water moccasins
  3 porcupines
  4 ice beasts
  Duvessa (D:7)
  A sky beast (D:8)
  7 orc warriors
  A phantom (D:8)
  A black bear (D:8)
  6 ogres
  A necrophage (D:5)
  11 centaurs
  7 big kobolds
  7 crocodiles
  11 bullfrogs
  Blork the orc (D:4)
  Dowan (D:7)
  4 scorpions
  9 killer bees
  10 wights
  An electric eel (D:13)
  4 howler monkeys
  10 crimson imps
  3 bullfrog zombies
  5 jellies
  2 quasits
  8 hounds
  8 centaur skeletons
  9 orc priests
  6 bullfrog skeletons
  4 iguanas
  9 worker ants
  9 orc wizards
  Ijyb (D:4)
  A hound skeleton (D:7)
  Robin (D:4)
  A howler monkey zombie (D:9)
  A howler monkey skeleton (D:7)
  4 gnolls (D:7)
  15 adders
  5 shadow imps
  An adder skeleton (D:4)
  3 worms
  A dart slug (D:1)
  28 orcs
  6 giant cockroaches
  7 goblins
  5 hobgoblins
  7 jackals
  5 quokkas
  A ball python (D:6)
  3 bats
  2 frilled lizards (D:4)
  21 kobolds
  A leopard gecko skeleton (D:7)
  2 rats
538 creatures vanquished.

Vanquished Creatures (collateral kills)
  A hydra (D:8)
  A big kobold (D:8)
2 creatures vanquished.

Vanquished Creatures (others)
  An anaconda (Snake:1)
  A death knight (D:11)
  A hippogriff (D:13)
  2 wraiths (D:11)
  2 yaks
  A phantom (D:11)
  A hound (D:10)
  3 orc wizards
  A worker ant (D:9)
13 creatures vanquished.

Grand Total: 553 creatures vanquished

Notes
Turn   | Place    | Note
-------+----------+-------------------------------------------
     0 | D:1      | Flugslaktarn the Deep Dwarf Fighter began the quest for the
                  | Orb.
     0 | D:1      | Reached XP level 1. HP: 20/20 MP: 1/1
   144 | D:2      | Reached XP level 2. HP: 25/27 MP: 2/2
   159 | D:2      | Reached skill level 3 in Axes
   159 | D:2      | Reached XP level 3. HP: 22/33 MP: 3/3
   514 | D:4      | Noticed Robin
   531 | D:4      | Killed Robin
   531 | D:4      | Reached XP level 4. HP: 35/42 MP: 4/4
   558 | D:4      | Found a staircase to the Ecumenical Temple.
   566 | D:4      | Noticed Menkaure
   587 | D:4      | Killed Menkaure
   587 | D:4      | Reached skill level 4 in Axes
   587 | D:4      | Reached XP level 5. HP: 46/49 MP: 4/4
   619 | Temple   | Entered the Ecumenical Temple
   914 | D:4      | Noticed Blork the orc
   925 | D:4      | Reached XP level 6. HP: 42/56 MP: 5/5
   927 | D:4      | Killed Blork the orc
   927 | D:4      | Reached skill level 5 in Axes
   945 | D:4      | Found Qaoget's Antique Armour Shop.
   959 | D:4      | Noticed Ijyb
   968 | D:4      | Killed Ijyb
  1150 | D:4      | Reached XP level 7. HP: 32/64 MP: 6/6
  1468 | D:4      | Found a burning altar of Makhleb.
  1481 | D:4      | Became a worshipper of Makhleb the Destroyer
  1534 | D:5      | Entered Level 5 of the Dungeon
  1555 | D:5      | Reached skill level 5 in Armour
  1555 | D:5      | Reached skill level 5 in Shields
  1572 | D:5      | Reached skill level 6 in Axes
  1572 | D:5      | Reached skill level 1 in Invocations
  1942 | D:5      | You fall into a shaft and drop 1 floor!
  1943 | D:6      | Found Eoket's Eclectic Emporium.
  2074 | D:6      | Noticed Edmund
  2084 | D:6      | Killed Edmund
  2084 | D:6      | Reached * piety under Makhleb
  2084 | D:6      | Reached XP level 8. HP: 41/73 MP: 8/8
  2211 | D:6      | Reached skill level 7 in Axes
  2797 | D:7      | Reached skill level 5 in Fighting
  2827 | D:7      | Reached skill level 8 in Axes
  2934 | D:7      | Gained mutation: You passively map the area around you.
                  | [Deep Dwarf growth]
  2934 | D:7      | Reached XP level 9. HP: 59/81 MP: 10/10
  3010 | D:7      | Noticed Duvessa
  3010 | D:7      | Noticed Dowan
  3017 | D:7      | Killed Duvessa
  3019 | D:7      | Killed Dowan
  3027 | D:7      | Reached ** piety under Makhleb
  3031 | D:7      | Reached skill level 5 in Invocations
  3149 | D:7      | Reached skill level 9 in Axes
  3643 | D:8      | Found Jaxic's Assorted Antiques.
  3710 | D:8      | Reached *** piety under Makhleb
  3744 | D:8      | Bought a pair of glowing boots for 180 gold pieces
  3778 | D:8      | Noticed Prince Ribbit
  3787 | D:8      | Killed Prince Ribbit
  3806 | D:8      | Reached XP level 10. HP: 91/91 MP: 12/12
  3887 | D:8      | Found a staircase to the Lair.
  3949 | D:8      | Noticed Psyche
  3963 | D:8      | Killed Psyche
  3963 | D:8      | Reached skill level 10 in Axes
  4323 | D:8      | Reached **** piety under Makhleb
  4361 | D:8      | Noticed a three-headed hydra
  4396 | D:8      | Killed a three-headed hydra
  4619 | D:9      | Noticed a two-headed ogre
  4628 | D:9      | Killed a two-headed ogre
  4633 | D:9      | Reached skill level 11 in Axes
  4813 | D:9      | Got a blackened hand axe
  4814 | D:9      | Identified the +9 hand axe "Hunoalaz" {distort, Int+4} (You
                  | found it on level 9 of the Dungeon)
  4854 | D:9      | Found an opulent altar of Gozag.
  4922 | D:9      | Found an iron altar of Okawaru.
  5063 | D:9      | Reached XP level 11. HP: 95/100 MP: 13/15
  5277 | D:10     | Entered Level 10 of the Dungeon
  5647 | D:10     | Found the +7 great mace "Firestarter" {inner flame, rF++}
  5688 | D:10     | Reached ***** piety under Makhleb
  6132 | D:11     | Noticed a death knight
  6138 | D:11     | Killed a death knight
  6140 | D:11     | Noticed a death knight
  6141 | D:11     | Noticed a death knight
  6155 | D:11     | Noticed Gastronok
  6166 | D:11     | Banished Gastronok
  6171 | D:11     | Killed a death knight
  6171 | D:11     | Reached skill level 12 in Axes
  6254 | D:11     | Found a flickering gateway to a bazaar.
  6321 | Bazaar   | Entered a bazaar
  6351 | Bazaar   | Found Xeleer's Food Shoppe.
  6366 | Bazaar   | Found Meffeh's Book Emporium.
  6381 | Bazaar   | Found Ytiny's Book Emporium.
  6564 | D:11     | Banished a death knight
  6793 | D:11     | Identified a scroll of acquirement
  6794 | D:11     | Identified the ring "Loeluq" {rElec rC- AC+2 Str+7 Dex+4}
                  | (You acquired it on level 11 of the Dungeon)
  6817 | D:11     | Gained mutation: You can translocate small distances at
                  | will. [mutagenic glow]
  6866 | D:12     | Gained mutation: You are weak. (Str -2) [mutagenic glow]
  6927 | D:12     | Noticed a two-headed ogre
  6937 | D:12     | Killed a two-headed ogre
  6964 | D:12     | Noticed a red ugly thing
  6968 | D:12     | Reached XP level 12. HP: 110/110 MP: 15/15
  7001 | D:12     | Reached skill level 13 in Axes
  7008 | D:12     | Reached skill level 10 in Invocations
  7018 | D:12     | Reached skill level 10 in Shields
  7081 | D:12     | Reached skill level 10 in Armour
  7223 | D:12     | Found a staircase to the Orcish Mines.
  7555 | D:13     | Noticed Nessos
  7714 | D:13     | Noticed a green death
  7767 | D:13     | Noticed a two-headed ogre
  7776 | D:13     | Killed a two-headed ogre
  7842 | D:13     | Killed Nessos
  7945 | D:13     | Reached skill level 14 in Axes
  7945 | D:13     | Reached XP level 13. HP: 119/121 MP: 15/15
  7963 | D:13     | Reached ****** piety under Makhleb
  7989 | D:13     | Noticed a fire dragon
  8006 | D:13     | Killed a fire dragon
  8641 | D:13     | Found a gate to the Vaults.
  8810 | D:13     | Got a distressingly furry chain mail
  8821 | D:13     | Identified the +0 chain mail of Tender Moments {*Contam rF+
                  | Str+4} (You found it on level 13 of the Dungeon)
  9109 | D:13     | Gained mutation: You occasionally shout uncontrollably at
                  | your foes. [mutagenic glow]
  9147 | D:14     | Reached skill level 15 in Axes
  9391 | D:14     | Found a runed translucent gate.
  9391 | D:14     | Found a runed translucent gate.
  9391 | D:14     | Found a runed translucent gate.
  9392 | D:14     | Noticed Ukogguipp's ghost (journeyman DDFi)
  9897 | D:15     | Entered Level 15 of the Dungeon
  9914 | D:15     | Gained mutation: You resist negative energy. (rN+) [Deep
                  | Dwarf growth]
  9914 | D:15     | Reached XP level 14. HP: 130/130 MP: 16/16
 10015 | D:15     | Reached skill level 10 in Fighting
 10632 | D:15     | Found a staircase to the Depths.
 11167 | D:4      | Bought a shimmering plate armour for 672 gold pieces
 11177 | D:4      | Identified the cursed +0 plate armour of Resonance {rElec
                  | rF+ rN+ Str+2} (You bought it in a shop on level 4 of the
                  | Dungeon)
 11301 | Lair:1   | Entered Level 1 of the Lair of Beasts
 11491 | Lair:2   | Reached skill level 16 in Axes
 11578 | Lair:2   | Found a staircase to the Snake Pit.
 11624 | Snake:1  | Entered Level 1 of the Snake Pit
 11987 | Snake:2  | Reached XP level 15. HP: 111/140 MP: 14/16
 12161 | Snake:3  | Noticed a nagaraja
 12171 | Snake:3  | Killed a nagaraja
 12338 | Snake:3  | Reached skill level 17 in Axes
 12360 | Snake:4  | Entered Level 4 of the Snake Pit
 12360 | Snake:4  | Noticed Aizul
 12399 | Snake:4  | Killed Aizul
 12410 | Snake:4  | Got a pair of warped boots
 12422 | Snake:4  | Identified the +1 pair of boots of Gallantry {rElec} (You
                  | found it on level 4 of the Snake Pit)
 12477 | Snake:4  | Noticed a nagaraja
 12480 | Snake:4  | Noticed a nagaraja
 12483 | Snake:4  | Noticed a nagaraja
 12483 | Snake:4  | Noticed a nagaraja
 12490 | Snake:4  | Noticed a nagaraja
 12510 | Snake:4  | Killed from afar by a nagaraja

Levels and vault maps discovered:
D:1:      scummos_arrival_simple_crosswalls, layout_basic, minmay_crystal_water
D:2:      layout_loops_cross
D:3:      layout_basic
D:4:      layout_basic, makhleb_grotto_becter, temple_pool_b, serial_shops,
          shop, st_stairs_9, uniq_ijyb, uniq_menkaure, uniq_robin,
          uniq_blork_the_orc
D:5:      layout_basic, first_ration
D:6:      layout_basic, nicolae_alphabet_shops, uniq_edmund
D:7:      layout_basic, kennysheep_dice, uniq_duvessa
D:8:      layout_rooms, erik_lair_orcish_takeover, serial_shops, shop,
          grunt_decor_mini_mirrors, hangedman_ranch [blue_anna_fruit_fields],
          corexii_corridor_pit, fungi_pond_lemuel, nicolae_sextant, uniq_psyche,
          uniq_prince_ribbit1
D:9:      layout_roguey, basic_altar, minmay_misc_feat_nine_boxes,
          okawaru_trees_1
D:10:     layout_irregular_city
D:11:     cheibrodos_tormentor_scu, layout_irregular_city, serial_shops,
          bzr_entry_gold, uniq_gastronok
D:12:     cheibrodos_fzero, layout_basic, orc_0_dummy,
          minmay_misc_feat_diagonals, kennysheep_generic_room_12
D:13:     thingy_vault, layout_basic, david_vaults_5, onia_ninara_cookie,
          uniq_nessos
D:14:     layout_basic, hangedman_abyss_or_decor_stabs, gammafunk_ghost_spectres
D:15:     grunt_enter_depths_hoard, layout_basic, dk_noncrumbling_4
Temple:   compressed_dpeg_circular_temple
Lair:1:   layout_hall_layers
Lair:2:   layout_cave_shapes, skrybe_swamp_entry_bodies,
          guppyfry_snake_entry_island
Snake:1:  layout_onion, grunt_megastairs_3, uniq_donald
Snake:2:  layout_misc_corridors, grunt_ministairs_14
Snake:3:  layout_layer_cave, gammafunk_ghost_berserking_beasts, drop_trap
Snake:4:  snake_pit, layout_onion, uniq_aizul

Skill      XL: |  1  2  3  4  5  6  7  8  9 10 11 12 13 14 15 |
---------------+----------------------------------------------+-----
Axes           | 3 4 5 6 8 9 11 12 14 15 16 17 | 17.2
Fighting       | 3 4 5 6 7 8 9 10 11 | 11.1
Shields        | 4 5 6 7 8 9 10 11 12 | 12.9
Armour         | 4 5 6 7 8 9 10 11 12 | 12.9
Invocations    | 2 4 6 8 9 10 12 13 | 13.9

Action                   |  1- 3 |  4- 6 |  7- 9 | 10-12 | 13-15 || total
-------------------------+-------+-------+-------+-------+-------++-------
Melee: War axe           |    67 |    55 |   314 |   159 |       ||   595
       Unarmed           |       |     2 |       |       |       ||     2
       Hand axe          |       |       |       |   208 |       ||   208
       Broad axe         |       |       |       |   297 |   953 ||  1250
Invok: Lesser Servant of |       |       |       |     3 |       ||     3
       Greater Servant o |       |       |       |     1 |     1 ||     2
 Abil: Heal Wounds       |     1 |     4 |     7 |     9 |     4 ||    25
Evoke: Wand              |       |       |       |     1 |       ||     1
  Use: Scroll            |       |       |     9 |    13 |    11 ||    33
       Potion            |       |       |       |     1 |     8 ||     9
 Stab: Distracted        |       |       |       |       |     1 ||     1
  Eat: Chunk             |       |     1 |     9 |    16 |    13 ||    39
       Ration            |       |       |       |       |     1 ||     1
Armor: Scale mail        |    40 |    37 |     9 |       |       ||    86
       Chain mail        |       |       |   135 |   356 |   336 ||   827
       Plate armour      |       |       |       |       |   230 ||   230
Dodge: Dodged            |    25 |    25 |    67 |   160 |   254 ||   531
Block: Kite shield       |    44 |    32 |   189 |   401 |   675 ||  1341

Table legend:
 A = Non-vault XP
 B = Vault XP
 C = Vault XP percentage of total XP
 D = Non-vault monster count
 E = Vault monster count
 F = Vault count percentage of total count
                 A         B        C        D         E       F
            +---------+---------+-------+---------+---------+-------
      Total |   89778 |   38551 |  30.0 |     422 |     132 |  23.8
            +---------+---------+-------+---------+---------+-------
        D:1 |       8 |       0 |   0.0 |       4 |       0 |   0.0
        D:2 |      36 |       0 |   0.0 |       6 |       0 |   0.0
        D:3 |      21 |       0 |   0.0 |       6 |       0 |   0.0
        D:4 |     370 |     403 |  52.1 |      18 |      17 |  48.6
        D:5 |     322 |       0 |   0.0 |      10 |       0 |   0.0
        D:6 |     783 |     157 |  16.7 |      23 |       1 |   4.2
        D:7 |    1636 |     531 |  24.5 |      26 |       5 |  16.1
        D:8 |    1605 |    3023 |  65.3 |      31 |      19 |  38.0
        D:9 |    2193 |       0 |   0.0 |      17 |       0 |   0.0
       D:10 |    2866 |       0 |   0.0 |      27 |       0 |   0.0
       D:11 |    1748 |    3605 |  67.3 |      31 |       9 |  22.5
       D:12 |    6609 |    4492 |  40.5 |      30 |      17 |  36.2
       D:13 |    7492 |   18223 |  70.9 |      34 |      47 |  58.0
       D:14 |    8023 |       0 |   0.0 |      30 |       0 |   0.0
       D:15 |   14902 |    1963 |  11.6 |      39 |       2 |   4.9
     Lair:1 |     813 |       0 |   0.0 |       5 |       0 |   0.0
     Lair:2 |    3738 |     320 |   7.9 |      18 |       2 |  10.0
    Snake:1 |   11697 |       0 |   0.0 |      20 |       0 |   0.0
    Snake:2 |   10752 |     904 |   7.8 |      21 |       2 |   8.7
    Snake:3 |   11608 |       0 |   0.0 |      21 |       0 |   0.0
    Snake:4 |    2556 |    4930 |  65.9 |       5 |      11 |  68.8
            +---------+---------+-------+---------+---------+-------
